 Dungeon Crawl Stone Soup version 0.18-a0-965-g9200175 (webtiles) character file.

136 Yawgmoth the Conjurer (level 5, -10/28 HPs)
             Began as a Gargoyle Wizard on Jan 1, 2016.
             Mangled by a gnoll
             ... wielding a cursed -1 halberd
             ... created by the fury of Okawaru
              (12 damage)
             ... on level 2 of the Dungeon.
             The game lasted 00:17:21 (3719 turns).

Yawgmoth the Conjurer (Gargoyle Wizard)             Turns: 3719, Time: 00:17:21

Health: -10/28     AC:  6    Str: 11    XL:     5   Next: 19%
Magic:  4/11       EV: 11    Int: 19    God:
Gold:   72         SH:  0    Dex:  8    Spells: 5 memorised, 2 levels left

rFire  . . .     SeeInvis .     j - +0 hunting sling
rCold  . . .     Gourm    .     a - +0 robe
rNeg   + . .     Faith    .     (no shield)
rPois  ∞         Spirit   .     b - +0 hat
rElec  +         Dismiss  .     (no cloak)
rCorr  .         Reflect  .     (no gloves)
SustAt .         Harm     .     (no boots)
MR     .....                    (no amulet)
Stlth  ++........               (no ring)
                                (no ring)

@: not resistant to hostile enchantments, unstealthy
A: negative energy resistance 1, electricity resistance, unbreathing,
petrification resistance, rot immunity, AC +4
a: no special abilities


You were on level 2 of the Dungeon.
You were hungry.

You visited 1 branch of the dungeon, and saw 3 of its levels.

You collected 72 gold pieces.

Inventory:

Hand Weapons
 j - a +0 hunting sling (weapon)
 k - a +0 hand axe
 u - a +0 spear
Missiles
 g - 64 stones (quivered)
 v - 4 tomahawks
 w - 23 sling bullets
Armour
 a - a +0 robe (worn)
 b - a +0 hat (worn)
 l - a +2 ring mail of magic resistance
Jewellery
 s - an uncursed amulet of guardian spirit
Scrolls
 e - a scroll of teleportation
 n - a scroll of recharging {unknown}
 q - 2 scrolls of remove curse
Potions
 h - 2 potions of flight {unknown}
 i - a potion of degeneration {unknown}
 m - a potion of curing {unknown}
 o - a potion of might {unknown}
 t - a potion of ambrosia {unknown}
 x - a potion of cure mutation {unknown}
 z - a potion of resistance {unknown}
Books
 c - a book of Minor Magic

   Spells                             Type                      Level
   a - Magic Dart                     Conjuration                  1
   b - Blink                          Translocation                2
   c - Call Imp                       Summoning                    2
   d - Repel Missiles                 Charms/Air                   2
   e - Slow                           Hexes                        2
   f - Conjure Flame                  Conjuration/Fire             3
   g - Mephitic Cloud                 Conjuration/Poison/Air       3
Comestibles
 d - 3 bread rations
 f - a slice of pizza
 p - a beef jerky
 r - a chunk of flesh


   Skills:
 - Level 1.6 Dodging
 - Level 2.2 Stealth
 + Level 4.0 Spellcasting
 * Level 4.1 Conjurations
 - Level 0.8 Summonings
 - Level 0.8 Translocations


You had 2 spell levels left.
You knew the following spells:

 Your Spells              Type           Power        Failure   Level  Hunger
a - Magic Dart            Conj           ###.         2%          1    None
b - Blink                 Tloc           N/A          17%         2    ##.....
c - Call Imp              Summ           #.......     17%         2    ##.....
d - Mephitic Cloud        Conj/Pois/Air  #.......     28%         3    ###....
e - Repel Missiles        Chrm/Air       #.....       21%         2    ##.....


Dungeon Overview and Level Annotations

Branches:
Dungeon (3/15)

Altars:
Okawaru
Zin


Innate Abilities, Weirdness & Mutations

You are resistant to torment.
Your stone body is resilient (AC +4).
You are immune to poison.
You resist negative energy.
You are resistant to electric shocks.
You can survive without breathing.
You are immune to petrification.
You are immune to rotting.


Message History

The ogre hits you with a giant club.
* * * LOW HITPOINT WARNING * * *
The gnoll sergeant hits you but does no damage.
The gnoll hits you from afar with an enchanted halberd.
* * * LOW HITPOINT WARNING * * *
There is a stone staircase leading down here.
Your magical contamination has completely faded away.
Casting: Blink
Confirm with . or Enter, or press ? or * to list all spells.
You blink.
You are feeling hungry.
The gnoll hits you but does no damage.
The gnoll hits you from afar with an enchanted halberd.
* * * LOW HITPOINT WARNING * * *
The gnoll hits you but does no damage.
Casting: Blink
Confirm with . or Enter, or press ? or * to list all spells.
You blink.
The gnoll sergeant barely misses you.
The gnoll hits you from afar with an enchanted halberd!
You die...

....#.÷...# #.#
#.###g.>..# #§#
#.###.ggg.# ###.#
...).###### #..O#
#.##.# #g###
#.##.## ### #g#
#.....###.## #g#
####.g##.#.#####.#
####.#g.###..g.g@#
....###.# ##.#####
####.#.g###>##
##.##.#g##
#####g## ###


You could see a gnoll sergeant and 4 gnolls.

Vanquished Creatures
  Ijyb (D:2)
  5 adders
  An ooze (D:1)
  A worm (D:3)
  A giant gecko (D:2)
  12 bats
  A giant cockroach (D:1)
  9 goblins
  9 hobgoblins
  3 jackals (D:1)
  6 kobolds
  2 ball pythons (D:1)
  A giant newt (D:1)
  5 rats
57 creatures vanquished.

Notes
Turn   | Place    | Note
--------------------------------------------------------------
     0 | D:1      | Yawgmoth the Gargoyle Wizard began the quest for the Orb.
     0 | D:1      | Reached XP level 1. HP: 10/10 MP: 4/4
   299 | D:1      | Reached XP level 2. HP: 13/15 MP: 0/6
  1137 | D:1      | Reached XP level 3. HP: 16/19 MP: 0/8
  2162 | D:2      | Noticed Ijyb
  2182 | D:2      | Killed Ijyb
  2182 | D:2      | Reached XP level 4. HP: 18/24 MP: 0/9
  2303 | D:2      | Found a glowing silver altar of Zin.
  2336 | D:2      | Found a faded altar to an unknown god.
  2347 | D:2      | Became a worshipper of Warmaster Okawaru
  2347 | D:2      | Reached * piety under Okawaru
  2347 | D:2      | Fell from the grace of Okawaru
  2932 | D:3      | Reached XP level 5. HP: 28/28 MP: 6/10
  2984 | D:3      | Reached skill level 4 in Conjurations
  3058 | D:3      | Learned a level 2 spell: Blink
  3061 | D:3      | Learned a level 2 spell: Call Imp
  3065 | D:3      | Learned a level 3 spell: Mephitic Cloud
  3068 | D:3      | Learned a level 2 spell: Repel Missiles
  3688 | D:2      | Noticed an ogre
  3719 | D:2      | Mangled by a gnoll

Vault maps used:
D:1:      lemuel_arrival_broad_hall
D:2:      zin_academy, first_bread, ecumenical_altar_1, uniq_iyjb
D:3:      lemuel_coloured_pillars_altar, yredelemnul_altar_generic

Action                   |  1- 3 |  4- 6 || total
-------------------------+-------+-------++-------
Melee: Unarmed           |     2 |       ||     2
       Hand axe          |    10 |       ||    10
       Spear             |       |     8 ||     8
 Fire: Hunting sling     |    39 |     4 ||    43
Throw: Stone             |     1 |       ||     1
 Cast: Magic Dart        |    86 |    46 ||   132
       Blink             |       |     6 ||     6
Invok: Renounce Religion |       |     1 ||     1
  Use: Scroll            |       |     5 ||     5
 Stab: Sleeping          |       |     1 ||     1
  Eat: Chunk             |     4 |     4 ||     8
